 Dungeon Crawl Stone Soup version 0.28-a0-925-gd5e1996cdb (webtiles) character file.

Game seed: 10420281423935758622

157 siradein the Charlatan (level 5, 0/39 HPs)
             Began as a Demonspawn Artificer on Nov 26, 2021.
             Killed from afar by Blork the orc (4 damage)
             ... with a puff of frost
             ... on level 6 of the Dungeon.
             The game lasted 00:05:28 (4470 turns).

siradein the Charlatan (Demonspawn Artificer)       Turns: 4470, Time: 00:05:28

Health: 0/39       AC: 15    Str: 14    XL:     5   Next: 15%
Magic:  0/5        EV:  6    Int: 12    God:
Gold:   159        SH:  4    Dex: 13    Spells: 4/4 levels left

rFire   . . .      SeeInvis .   s - +0 mace
rCold   . . .      Faith    .   (no shield)
rNeg    . . .      Spirit   +   a - +0 chain mail
rPois   .          Reflect  .   (helmet restricted)
rElec   .          Harm     .   (no cloak)
rCorr   .          Rampage  .   (no gloves)
Will    .....                   (no boots)
Stlth   ..........              q - amulet of guardian spirit
HPRegen 0.13/turn               (no ring)
MPRegen 0.09/turn               (no ring)

@: sanguine armoured, studying Invocations
A: horns 2, sanguine armour 1, condensation shield
a: no special abilities


You were on level 6 of the Dungeon.
You visited 1 branch of the dungeon, and saw 4 of its levels.

You collected 159 gold pieces.

Inventory:

Hand Weapons
 r - a +0 flail
 s - a +0 mace (weapon)
Armour
 a - a +0 chain mail (worn)
Jewellery
 q - an amulet of guardian spirit (around neck)
Wands
 c - a wand of flame (15)
 d - a wand of charming (15)
Scrolls
 f - a scroll of summoning {unknown}
 k - a scroll of noise {unknown}
 p - a scroll of identify {unknown}
Potions
 b - 2 potions of degeneration {unknown}
 g - a potion of flight {unknown}
 h - a potion of ambrosia {unknown}
 i - 3 potions of invisibility {unknown}
 j - 2 potions of haste {unknown}
 l - a potion of resistance {unknown}
 m - 2 potions of heal wounds {unknown}
 n - a potion of attraction {unknown}
 o - a potion of might {unknown}
 t - a potion of curing {unknown}
Miscellaneous
 e - a piece from Xom's chessboard (13/15) (quivered)


   Skills:
 + Level 2.4 Fighting
 + Level 1.0 Maces & Flails
 + Level 2.7 Armour
 + Level 2.2 Dodging
 - Level 0.8 Stealth
 + Level 3.8 Evocations


You had 4 spell levels left.
You didn't know any spells.
Your spell library contained the following spells:

 Spells                   Type           Power      Damage    Failure   Level
 Ensorcelled Hibernation  Hex/Ice        0%         N/A       100%        2
 Passwall                 Tmut/Erth      0%         N/A       100%        2
 Swiftness                Air            0%         N/A       100%        3
 Tukima's Dance           Hex            0%         N/A       100%        3


Dungeon Overview and Level Annotations

Branches:
Dungeon (3/15)

Altars:
Ashenzari

Annotations:
D:6 Blork the orc


Innate Abilities, Weirdness & Mutations

You have a pair of horns on your head.
When seriously injured, your blood forms armour. (AC +6)
A meltable shield of frost defends you. (SH +4)


Message History

Something stings you but does no damage.
Found a stone staircase leading down.
You feel sick.
Something stings you but does no damage.
You feel sick.
Something stings you but does no damage.
You feel sick.
Found a hand axe.
You feel sick.
Something stings you but does no damage.
You feel sick. Something stings you.
* * * LOW HITPOINT WARNING * * *
You feel sick.
You are no longer poisoned.
Something completely misses you. Something stings you.
* * * LOW HITPOINT WARNING * * *
An adder comes into view.
The adder hisses angrily.
Something stings you but does no damage.
Something stings you but does no damage.
Found a leather armour.
The adder bites you but does no damage.
Something stings you but does no damage.
The adder bites you but does no damage. The adder barely misses you.
Something stings you but does no damage.
Something stings you but does no damage.
Something stings you.
* * * LOW HITPOINT WARNING * * *
You block something's attack.
The centaur skeleton hits you but does no damage.
The centaur skeleton closely misses you.
You block the adder's attack.
The scorpion stings you but does no damage.
You block something's attack.
Blork the orc hits you but does no damage.
The adder barely misses you.
A scorpion appears from thin air!
Reactivating autopickup.
Blork the orc gestures at you while chanting.
The puff of frost hits you.
You die...

##.. ##..... #######
#....... #.....#
##....... #.....#
........ #.....#
##.....## ###.....#
.##.......###...Z...#
.).............ss...#
.#.......o#####@oS..#
.........## #.....#
.###.>.## #.....#
###.# #....[# #.#
####### #.######
#....s.# ######.#
#.######


You could see Blork the orc, 2 scorpions, an adder and a centaur skeleton.

Vanquished Creatures
  Natasha (thrice) (D:3)
  3 adders
  3 worms (D:2)
  2 dart slugs
  6 bats
  3 endoplasms
  3 giant cockroaches (D:1)
  5 hobgoblins
  8 ball pythons
  A frilled lizard (D:1)
  A goblin (D:2)
  6 kobolds
  4 rats
48 creatures vanquished.

Notes
Turn   | Place    | Note
-------+----------+-------------------------------------------
     0 | D:1      | siradein the Demonspawn Artificer began the quest for the
                  | Orb.
     0 | D:1      | Reached XP level 1. HP: 15/15 MP: 1/1
   146 | D:1      | Reached skill level 1 in Dodging
   240 | D:1      | Gained mutation: You have a pair of small horns on your
                  | head. [demonic ancestry]
   240 | D:1      | Reached XP level 2. HP: 17/21 MP: 2/2
   694 | D:1      | Found a faded altar of an unknown god.
  1265 | D:2      | Gained mutation: You have a pair of horns on your head.
                  | [demonic ancestry]
  1265 | D:2      | Reached XP level 3. HP: 26/26 MP: 3/3
  3207 | D:2      | Gained mutation: When seriously injured, your blood forms
                  | armour. (AC +6) [demonic ancestry]
  3207 | D:2      | Reached XP level 4. HP: 16/33 MP: 1/4
  3563 | D:3      | Noticed an ogre
  4072 | D:3      | Noticed Natasha
  4076 | D:3      | Killed Natasha
  4215 | D:3      | Found a broken altar of Ashenzari.
  4263 | D:3      | Noticed Natasha
  4271 | D:3      | Killed Natasha
  4332 | D:3      | Noticed Natasha
  4340 | D:3      | Killed Natasha
  4341 | D:3      | Reached skill level 1 in Maces & Flails
  4341 | D:3      | Gained mutation: A meltable shield of frost defends you.
                  | (SH +4) [demonic ancestry]
  4341 | D:3      | Reached XP level 5. HP: 33/39 MP: 2/5
  4433 | D:3      | You fall into a shaft and drop 3 floors!
  4438 | D:6      | Noticed Blork the orc
  4470 | D:6      | Killed from afar by Blork the orc

Illustrated notes

Levels and vault maps discovered:
D:1:      dpeg_arrival_line_fractal, layout_loops_ring,
          shapermc_ecumenical_altar_venn, minmay_tiny_reverse_x
D:2:      layout_rooms, serial_corexii_hall, corexii_hall_statues_u,
          chequers_hall_statues_y, nicolae_concentric_dashed_squares_wild,
          minmay_tromino_i2
D:3:      layout_loops_ring, lemuel_doored_altar, uniq_natasha
D:6:      layout_rooms, minmay_crossroads, uniq_grinder, uniq_blork_the_orc

Skill      XL: |  1  2  3  4 |
---------------+-------------+-----
Dodging        | 1 2 |  2.2
Armour         | 2 |  2.7
Fighting       | 2 |  2.4
Maces & Flails | 1 |  1.0
Stealth        | |  0.8
Evocations     | |  3.8

Action                   |  1- 3 |  4- 6 || total
-------------------------+-------+-------++-------
Melee: Whip              |    13 |       ||    13
       Club              |     9 |       ||     9
       Short sword       |   138 |       ||   138
       Headbutt          |    26 |     8 ||    34
       Flail             |    22 |     3 ||    25
       Mace              |       |    26 ||    26
Evoke: Piece from Xom's  |     2 |     6 ||     8
 Stab: Sleeping          |     2 |       ||     2
       Petrified         |    12 |       ||    12
       Petrifying        |     1 |       ||     1
Armor: Leather armour    |    34 |       ||    34
       Ring mail         |    27 |       ||    27
       Chain mail        |       |    38 ||    38
Dodge: Dodged            |   106 |    16 ||   122
Block: Other             |       |     5 ||     5

Table legend: (Time is in decaauts)
 A = Elapsed time spent in this place.
 B = Non-inter-level travel time spent in this place.
 C = Inter-level travel time spent in this place.
 D = Time resting spent in this place.
 E = Time spent auto-exploring this place.
 F = Levels seen in this place.
 G = Mean time per level.
                   A        B        C        D        E       F      G
               +--------+--------+--------+--------+--------+-----+--------+
         Total |   4516 |   4446 |     70 |   1011 |   2684 |   4 | 1129.0 |
       Dungeon |   4516 |   4446 |     70 |   1011 |   2684 |   4 | 1129.0 |
               +--------+--------+--------+--------+--------+-----+--------+

Top non-repeatable levels by time:
     D:2: 2288 daAuts
     D:1: 1419 daAuts
     D:3: 771 daAuts
     D:6: 37 daAuts
